 Dungeon Crawl Stone Soup version 0.30-a0-125-g51eefa89be (webtiles) character file.

Game seed: 3671498765217074476

1365 ragingrage the Spear-Bearer (level 8, 0/58 HPs)
             Began as a Demonspawn Cinder Acolyte on Sept 18, 2022.
             Was a High Priest of Ignis.
             Succumbed to a water moccasin's poison
             ... on level 6 of the Dungeon.
             The game lasted 00:06:33 (8758 turns).

ragingrage the Spear-Bearer (DsCA)                  Turns: 8758, Time: 00:06:34

Health: 0/58       AC:  6    Str: 17    XL:     8   Next: 38%
Magic:  1/9        EV: 11    Int: 17    God:    Ignis [*****.]
Gold:   245        SH:  0    Dex:  8    Spells: 5/9 levels left

rFire   + . .      SeeInvis .    a - -1 spear (flame)
rCold   + . .      Faith    .    (no shield)
rNeg    . . .      Spirit   .    l - +1 leather armour of Dogmatism {Int+3}
rPois   .          Reflect  .    d - +1 hat
rElec   .          Harm     .    k - +0 cloak
rCorr   .          Rampage  .    (no gloves)
Will    +....                    (no boots)
Stlth   +.........               A - amulet of the acrobat
HPRegen 0.19/turn                c - ring of protection from cold
MPRegen 0.11/turn                (no ring)

@: lethally poisoned (0 -> -11), very slightly contaminated, unable to drink
A: sturdy frame 1, weakness stinger 2, dopey 1, strong-willed 1, inability to
drink after injury 1
a: Renounce Religion, Fiery Armour, Foxfire Swarm, Rising Flame


You were on level 6 of the Dungeon.
You worshipped Ignis.
Ignis was extremely pleased with you.
You visited 1 branch of the dungeon, and saw 6 of its levels.
You also visited: Ossuary.

You collected 245 gold pieces.

Inventory:

Hand Weapons
 a - a -1 spear of flaming (weapon)
 n - a +1 short sword of freezing
Missiles
 o - 14 poisoned darts (quivered)
Armour
 d - a +1 hat (worn)
 k - a +0 cloak (worn)
 l - the +1 leather armour of Dogmatism (worn) {Int+3}
   (You found it on level 2 of the Dungeon)

   Int:       It affects your intelligence (+3).
Jewellery
 c - a ring of protection from cold (left hand)
 A - an amulet of the acrobat (around neck)
Scrolls
 e - 2 scrolls of enchant weapon {unknown}
 f - 5 scrolls of identify {unknown}
 h - 6 scrolls of teleportation {unknown}
 i - a scroll of amnesia {unknown}
 q - 4 scrolls of enchant armour {unknown}
 r - a scroll of butterflies {unknown}
 s - a scroll of silence {unknown}
 t - a scroll of immolation {unknown}
 u - a scroll of magic mapping {unknown}
 w - a scroll of fear {unknown}
 y - 2 scrolls of noise {unknown}
 C - a scroll of brand weapon {unknown}
 E - a scroll of vulnerability {unknown}
Potions
 b - a potion of might
 g - a potion of magic {unknown}
 j - 2 potions of flight {unknown}
 m - a potion of ambrosia {unknown}
 p - 4 potions of heal wounds {unknown}
 v - a potion of resistance {unknown}
 x - 2 potions of curing
 z - 2 potions of mutation
 B - a potion of lignification {unknown}
 D - a potion of attraction {unknown}
 F - a potion of berserk rage {unknown}


   Skills:
 - Level 3.0 Fighting
 + Level 9.9 Polearms
 - Level 1.0 Spellcasting
 - Level 2.6 Fire Magic


You had 5 spell levels left.
You knew the following spells:

 Your Spells              Type           Power      Damage    Failure   Level
a - Scorch                Fire           18%        2d6       11%         2
b - Wereblood             Tmut           0%         N/A       32%         2

Your spell library contained the following spells:

 Spells                   Type           Power      Damage    Failure   Level
 Beastly Appendage        Tmut           0%         N/A       22%         1
 Ensorcelled Hibernation  Hex/Ice        0%         N/A       32%         2
 Spider Form              Tmut/Pois      0%         N/A       54%         3
 Flame Wave               Conj/Fire      5%         2d5       77%         4
 Anguish                  Hex/Necr       0%         N/A       91%         4
 Summon Cactus Giant      Summ           0%         N/A       100%        6


Dungeon Overview and Level Annotations

Branches:
Dungeon (6/15)            Ossuary (visited)
 Temple: D:4-7

Altars:
Dithmenos
Okawaru
Xom

Shops:
D:2 !


Innate Abilities, Weirdness & Mutations

Your movements are slightly less encumbered by armour. (ER -2)
You have a tail ending in a sharp stinger.
You are dopey. (Int -2)
You are strong-willed. (Will+)
You occasionally lose the ability to drink potions when taking damage.


Message History

The water moccasin is almost dead.
The water moccasin bites you but does no damage.
Casting: Scorch (safe; 11% risk of failure)
Confirm with . or Enter, or press ? or * to list all spells.
You don't have enough magic to cast this spell.
You hit the water moccasin but do no damage.
Your tail-slap misses the water moccasin.
The water moccasin is almost dead.
The water moccasin bites you!
* * * LOW HITPOINT WARNING * * *
Casting: Scorch (safe; 11% risk of failure)
Confirm with . or Enter, or press ? or * to list all spells.
You don't have enough magic to cast this spell.
You hit the water moccasin but do no damage.
You tail-slap the water moccasin, but do no damage.
The water moccasin is almost dead.
The water moccasin barely misses you.
You hit the water moccasin. You burn the water moccasin.
Your tail-slap misses the water moccasin.
The water moccasin is almost dead.
The water moccasin bites you.
* * * LOW HITPOINT WARNING * * *
You hit the water moccasin. You burn the water moccasin.
The water moccasin is almost dead.
The water moccasin closely misses you.
You completely miss the water moccasin.
The water moccasin is almost dead.
The water moccasin bites you!
You feel threatened and lose the ability to drink potions!
* * * LOW HITPOINT WARNING * * *
You are lethally poisoned!
The water moccasin poisons you!
You cannot drink potions in your current state!
Press: ? - help, v - describe, . - travel The floor, spattered with blood.
You cannot drink potions in your current state!
Unknown command.
You hit the water moccasin. You burn the water moccasin.
You kill the water moccasin!
You die...

#.......#
#.......#.......
#.......#....... .
#.......#...... ..
#......# ....#
...##......##....##.
............#.......
............#†......
............@)......
.......#.#.#.#...##(
...##..#.#.#.#
####.... ..
####.###.# #..... .
#...##.# #.....
##.###.##
#....#######
#.......#
#...##.....
####.####
##.......... #.#
#...........


There were no monsters in sight!

Vanquished Creatures
  A water moccasin (D:6)
  A black bear (D:5)
  An ice beast (D:5)
  2 centaurs
  A phantom (D:3)
  A bullfrog (D:6)
  6 scorpions
  An orc priest (D:4)
  4 human zombies (Ossuary)
  A hound (D:6)
  5 scorpion zombies (Ossuary)
  3 mummies (Ossuary)
  6 gnolls
  4 adders
  2 white imps (D:5)
  An ufetubus (D:5)
  5 dart slugs
  6 orcs
  6 bats (D:2)
  4 endoplasms
  2 giant cockroaches (D:1)
  2 gnoll zombies (Ossuary)
  8 goblins
  5 hobgoblins
  6 kobolds
  4 quokkas
  12 ball pythons
  2 frilled lizards (D:1)
  2 goblin zombies (Ossuary)
  3 hobgoblin zombies (Ossuary)
  2 kobold zombies (Ossuary)
  3 orc zombies (Ossuary)
  9 rats
121 creatures vanquished.

Vanquished Creatures (others)
  A demonic plant (D:5)
1 creature vanquished.

Grand Total: 122 creatures vanquished

Notes
Turn   | Place    | Note
-------+----------+-------------------------------------------
     0 | D:1      | ragingrage the Demonspawn Cinder Acolyte began the quest
                  | for the Orb.
     0 | D:1      | Reached XP level 1. HP: 18/18 MP: 2/2
    70 | D:1      | Reached skill level 3 in Polearms
   346 | D:1      | Gained mutation: Your movements are slightly less
                  | encumbered by armour. (ER -2) [demonic ancestry]
   346 | D:1      | Reached XP level 2. HP: 22/24 MP: 3/3
   576 | D:1      | Found a faded altar of an unknown god.
   721 | D:1      | Learned a level 2 spell: Scorch
  1182 | D:1      | Gained mutation: You have a small tail. [demonic ancestry]
  1182 | D:1      | Reached XP level 3. HP: 29/29 MP: 1/4
  1289 | D:1      | Found a shadowy altar of Dithmenos.
  1345 | D:2      | Gained mutation: You occasionally lose the ability to drink
                  | potions when taking damage. [potion of mutation]
  1345 | D:2      | Gained mutation: You are dopey. (Int -2) [potion of
                  | mutation]
  1345 | D:2      | Gained mutation: You are strong-willed. (Will+) [potion of
                  | mutation]
  1354 | D:1      | Reached skill level 4 in Polearms
  1612 | D:2      | Found Voagoan's Distillery.
  1904 | D:2      | Identified the +1 leather armour of Dogmatism {Int+3}
  2863 | D:3      | Noticed a phantom
  2888 | D:3      | HP: 1/29 [phantom (6)]
  2889 | D:3      | Killed a phantom
  2890 | D:3      | Reached skill level 5 in Polearms
  2890 | D:3      | Reached XP level 4. HP: 2/35 MP: 1/5
  3370 | D:3      | Gained mutation: You have a tail ending in a sharp stinger.
                  | [demonic ancestry]
  3370 | D:3      | Reached XP level 5. HP: 41/41 MP: 3/6
  4345 | D:3      | Reached skill level 6 in Polearms
  4588 | D:4      | Found a shimmering altar of Xom.
  4773 | D:4      | Reached XP level 6. HP: 47/47 MP: 2/7
  5268 | D:4      | Found an iron altar of Okawaru.
  5708 | D:4      | Learned a level 2 spell: Wereblood
  5756 | D:5      | Entered Level 5 of the Dungeon
  5821 | D:5      | Found a sand-covered staircase.
  5962 | Ossuary  | Entered an ossuary
  6057 | Ossuary  | Reached skill level 7 in Polearms
  6263 | Ossuary  | Reached XP level 7. HP: 41/52 MP: 3/8
  6562 | Ossuary  | Reached skill level 8 in Polearms
  7423 | D:5      | Reached skill level 9 in Polearms
  7423 | D:5      | Reached XP level 8. HP: 46/58 MP: 1/9
  8757 | D:6      | HP: 2/58 [water moccasin (8)]
  8758 | D:6      | Succumbed to a water moccasin's poison

Illustrated notes

Levels and vault maps discovered:
D:1:      dpeg_arrival_water_altar, layout_basic,
          shapermc_ecumenical_altar_pompeii
D:2:      layout_loops_ring, serial_shops, shop
D:3:      layout_basic
D:4:      layout_basic, nicolae_overflow_crystal_walls, tgw_xom, hex_tiny
D:5:      layout_loops_ring, enter_ossuary_3, serial_demonic, serial_demonic_d,
          serial_demonic_e, serial_demonic_c, serial_demonic_g,
          serial_demonic_g, serial_demonic_e, serial_demonic_g, dk_vineyard_1,
          dreamdust_princess_corridor
D:6:      layout_gridville, serial_shops, shop, grunt_decor_fettered, uniq_pikel

Skill      XL: |  1  2  3  4  5  6  7 |
---------------+----------------------+-----
Polearms       | 3 5 6 7 9 |  9.9
Fighting       | |  3.0
Spellcasting   | |  1.0
Fire Magic     | |  2.6

Action                   |  1- 3 |  4- 6 |  7- 9 || total
-------------------------+-------+-------+-------++-------
Melee: Spear             |   177 |   106 |   156 ||   439
       Tailslap          |     3 |    18 |    22 ||    43
       Short sword       |     1 |       |       ||     1
       Punch             |       |       |     2 ||     2
 Cast: Scorch            |    12 |    37 |    32 ||    81
  Use: Potion            |     4 |       |     2 ||     6
Armor: Robe              |    34 |       |       ||    34
       Leather armour    |    17 |    25 |    48 ||    90
Dodge: Dodged            |    93 |    49 |    81 ||   223

Table legend: (Time is in decaauts)
 A = Elapsed time spent in this place.
 B = Non-inter-level travel time spent in this place.
 C = Inter-level travel time spent in this place.
 D = Time resting spent in this place.
 E = Time spent auto-exploring this place.
 F = Levels seen in this place.
 G = Mean time per level.
                   A        B        C        D        E       F      G
               +--------+--------+--------+--------+--------+-----+--------+
         Total |   8677 |   8414 |    263 |   2461 |   4830 |   7 | 1239.6 |
       Dungeon |   7382 |   7119 |    263 |   1895 |   4426 |   6 | 1230.3 |
       Ossuary |   1295 |   1295 |      0 |    566 |    404 |   1 | 1295.0 |
               +--------+--------+--------+--------+--------+-----+--------+

Top non-repeatable levels by time:
     D:3: 2033 daAuts
     D:1: 1551 daAuts
     D:4: 1347 daAuts
 Ossuary: 1295 daAuts
     D:5: 1277 daAuts
     D:2: 809 daAuts
     D:6: 362 daAuts
